AA
ROCKFORD PLAYBOYS @ EAGLE RIVER FAT BOYS
04/17/2060
 
TOP OF THE 1ST
Rockford Playboys batting - Pitching for Charleston Rebels : RHP Jewell Oghnikian
Pitching: RHP Jewell Oghnikian
Batting: LHB Rafael Rutkowski 0-0: Fly out, F7 (Line Drive, 78M, EV 110.0 MPH)
Batting: RHB Edward Cain 0-0: Swinging Strike
0-1: Ball
1-1: Called Strike
1-2: Strikes out swinging
Batting: RHB Ezekiel Wolfson 0-0: Swinging Strike
0-1: Swinging Strike
0-2: Ball
1-2: Ball
2-2: Strikes out looking
Top of the 1st over - 0 runs, 0 hits, 0 errors, 0 left on base; Rockford 0 - Charleston 0
BOTTOM OF THE 1ST
Charleston Rebels batting - Pitching for Rockford Playboys : RHP Louis Bowermaster
Pitching: RHP Louis Bowermaster
Batting: LHB Devin Clark 0-0: Called Strike
0-1: Foul Ball, location: 2F
0-2: Ball
1-2: SINGLE (Line Drive, 7S, EV 108.1 MPH)
Batting: LHB Felton Kirt 0-0: Called Strike
Devin Clark steals 2nd base
0-1: Swinging Strike
0-2: SINGLE (Groundball, 34S, EV 72.5 MPH) (infield hit)
Devin Clark to third
Batting: RHB Marcus Fahr 0-0: Foul Ball, location: 2F
0-1: Called Strike
0-2: Foul Ball, location: 2F
0-2: Ground out 5-3 (Groundball, 56S, EV 56.9 MPH)
Devin Clark scores
Felton Kirt to second
Batting: LHB Chance Sprenkle 0-0: Ball
1-0: Ball
Wild Pitch!
Felton Kirt to third
2-0: Fly out, F7 (Flyball, 78S, EV 85.6 MPH)
Batting: LHB Nicholas Murphy 0-0: Ball
1-0: Called Strike
1-1: Foul Ball, location: 2F
1-2: Strikes out swinging
Bottom of the 1st over - 1 run, 2 hits, 0 errors, 1 left on base; Rockford 0 - Charleston 1
TOP OF THE 2ND
Rockford Playboys batting - Pitching for Charleston Rebels : RHP Jewell Oghnikian
Batting: LHB Josh Valentine 0-0: Swinging Strike
0-1: Swinging Strike
0-2: Foul Ball, location: 2F
0-2: Strikes out looking
Batting: RHB Peter Wingenbach 0-0: Called Strike
0-1: Fly out, F8 (Flyball, 8LM, EV 85.0 MPH)
Batting: RHB Phil Phillips 0-0: Called Strike
0-1: Ball
1-1: Fly out, F9 (Flyball, 89S, EV 91.9 MPH)
Top of the 2nd over - 0 runs, 0 hits, 0 errors, 0 left on base; Rockford 0 - Charleston 1
BOTTOM OF THE 2ND
Charleston Rebels batting - Pitching for Rockford Playboys : RHP Louis Bowermaster
Batting: LHB Roman Averette 0-0: Ball
1-0: Foul Ball, location: 2F
1-1: Called Strike
1-2: Foul Ball, location: 2F
1-2: Ball
2-2: Strikes out swinging
Batting: RHB Seth Meinhart 0-0: Ball
1-0: Ball
2-0: Fly out, F8 (Flyball, 8RD, EV 80.0 MPH)
Batting: RHB Killian Gachukia 0-0: Foul Ball, location: 2F
0-1: Foul Ball, location: 2F
0-2: Ball
1-2: Ball
2-2: Ground out 5-3 (Groundball, 56S, EV 80.0 MPH)
Bottom of the 2nd over - 0 runs, 0 hits, 0 errors, 0 left on base; Rockford 0 - Charleston 1
TOP OF THE 3RD
Rockford Playboys batting - Pitching for Charleston Rebels : RHP Jewell Oghnikian
Batting: RHB Jesse Dissen 0-0: Swinging Strike
0-1: Swinging Strike
0-2: Strikes out swinging
Batting: RHB Joey Pool 0-0: Ball
1-0: Called Strike
1-1: Called Strike
1-2: Foul Ball, location: 2F
1-2: Strikes out swinging
Batting: RHB Parker Hayek 0-0: Ball
1-0: Ball
2-0: Foul Ball, location: 2F
2-1: SINGLE (Groundball, 56D, EV 103.8 MPH)
Batting: LHB Rafael Rutkowski 0-0: Foul Ball, location: 2F
0-1: Ball
1-1: Swinging Strike
1-2: Strikes out swinging
Top of the 3rd over - 0 runs, 1 hit, 0 errors, 1 left on base; Rockford 0 - Charleston 1
BOTTOM OF THE 3RD
Charleston Rebels batting - Pitching for Rockford Playboys : RHP Louis Bowermaster
Batting: RHB Nathaniel Wade 0-0: Swinging Strike
0-1: Fly out, F2 (Popup, 3SF, EV 78.1 MPH)
Batting: LHB Devin Clark 0-0: Ball
1-0: Fly out, F9 (Flyball, 9S, EV 83.1 MPH)
Batting: LHB Felton Kirt 0-0: Swinging Strike
0-1: Ball
1-1: Ground out 6-3 (Groundball, 6, EV 98.8 MPH)
Bottom of the 3rd over - 0 runs, 0 hits, 0 errors, 0 left on base; Rockford 0 - Charleston 1
TOP OF THE 4TH
Rockford Playboys batting - Pitching for Charleston Rebels : RHP Jewell Oghnikian
Batting: RHB Edward Cain 0-0: Foul Ball, location: 2F
0-1: Swinging Strike
0-2: Strikes out swinging
Batting: RHB Ezekiel Wolfson 0-0: Ball
1-0: Ground out 6-3 (Groundball, 6, EV 104.4 MPH)
Batting: LHB Josh Valentine 0-0: Called Strike
0-1: Ball
1-1: Called Strike
1-2: Ball
2-2: Ball
3-2: Reached on error, E5 (Groundball, 5L, EV 92.5 MPH)
Batting: RHB Peter Wingenbach 0-0: Fielders Choice at 2nd, 6-4 (Groundball, 6, EV 80.0 MPH)
Top of the 4th over - 0 runs, 0 hits, 1 error, 1 left on base; Rockford 0 - Charleston 1
BOTTOM OF THE 4TH
Charleston Rebels batting - Pitching for Rockford Playboys : RHP Louis Bowermaster
Batting: RHB Marcus Fahr 0-0: Foul Ball, location: 2F
0-1: Ball
1-1: Ball
2-1: SOLO HOME RUN (Flyball, 78XD, EV 105.6 MPH), Distance : 420 ft
Batting: LHB Chance Sprenkle 0-0: Called Strike
0-1: Swinging Strike
0-2: Foul Ball, location: 2F
0-2: Ball
1-2: Foul Ball, location: 2F
1-2: Ball
2-2: Ball
3-2: DOUBLE (Line Drive, 9LM, EV 103.1 MPH)
Batting: LHB Nicholas Murphy 0-0: Ball
1-0: Foul Ball, location: 2F
1-1: Called Strike
1-2: Ground out 6-3 (Groundball, 6M, EV 105.0 MPH)
Chance Sprenkle to third
Batting: LHB Roman Averette 0-0: Called Strike
0-1: Ball
1-1: Ball
2-1: Foul Ball, location: 2F
2-2: Fly out, F7 (Flyball, 7, EV 90.6 MPH)
Batting: RHB Seth Meinhart 0-0: Ball
1-0: Called Strike
1-1: Foul Ball, location: 2F
1-2: Ball
2-2: Fly out, F8 (Flyball, 8RXD, EV 105.0 MPH)
Bottom of the 4th over - 1 run, 2 hits, 0 errors, 1 left on base; Rockford 0 - Charleston 2
TOP OF THE 5TH
Rockford Playboys batting - Pitching for Charleston Rebels : RHP Jewell Oghnikian
Batting: RHB Phil Phillips 0-0: Foul Ball, location: 2F
0-1: Swinging Strike
0-2: Ball
1-2: Ball
2-2: Ball
3-2: Strikes out swinging
Batting: RHB Jesse Dissen 0-0: Called Strike
0-1: Called Strike
0-2: Ball
1-2: Foul Ball, location: 2F
1-2: Strikes out swinging
Batting: RHB Joey Pool 0-0: Ball
1-0: Foul Ball, location: 2F
1-1: Foul Ball, location: 2F
1-2: Ball
2-2: Ground out 4-3 (Groundball, 4M, EV 88.1 MPH)
Top of the 5th over - 0 runs, 0 hits, 0 errors, 0 left on base; Rockford 0 - Charleston 2
BOTTOM OF THE 5TH
Charleston Rebels batting - Pitching for Rockford Playboys : RHP Louis Bowermaster
Batting: RHB Killian Gachukia 0-0: Called Strike
0-1: Ball
1-1: Fly out, F7 (Line Drive, 78M, EV 93.8 MPH)
Batting: RHB Nathaniel Wade 0-0: Ball
1-0: Foul Ball, location: 2F
1-1: Ground out 6-3 (Groundball, 56, EV 93.8 MPH)
Batting: LHB Devin Clark 0-0: Foul Ball, location: 2F
0-1: Ball
1-1: Ball
2-1: Swinging Strike
2-2: Foul Ball, location: 2F
2-2: Ground out 4-3 (Groundball, 4M, EV 90.0 MPH)
Bottom of the 5th over - 0 runs, 0 hits, 0 errors, 0 left on base; Rockford 0 - Charleston 2
TOP OF THE 6TH
Rockford Playboys batting - Pitching for Charleston Rebels : RHP Jewell Oghnikian
Batting: RHB Parker Hayek 0-0: Ground out 5-3 (Groundball, 56, EV 94.4 MPH)
Batting: LHB Rafael Rutkowski 0-0: Called Strike
0-1: Foul Ball, location: 2F
0-2: Ground out 4-3 (Groundball, 4S, EV 85.6 MPH)
Batting: RHB Edward Cain 0-0: TRIPLE (Flyball, 89XD, EV 101.2 MPH)
Batting: RHB Ezekiel Wolfson 0-0: Called Strike
0-1: Foul Ball, location: 2F
0-2: Ball
1-2: Fly out, F6 (Line Drive, 6, EV 61.2 MPH)
Top of the 6th over - 0 runs, 1 hit, 0 errors, 1 left on base; Rockford 0 - Charleston 2
BOTTOM OF THE 6TH
Charleston Rebels batting - Pitching for Rockford Playboys : RHP Louis Bowermaster
Batting: LHB Felton Kirt 0-0: Ball
1-0: DOUBLE (Flyball, 78D, EV 106.2 MPH)
Batting: RHB Marcus Fahr 0-0: Called Strike
Felton Kirt steals 3rd base (no throw)
0-1: Ball
1-1: Ball
2-1: Ground out 4-3 (Groundball, 4, EV 81.9 MPH)
Batting: LHB Chance Sprenkle 0-0: Called Strike
0-1: Foul Ball, location: 2F
0-2: Strikes out looking
Batting: LHB Nicholas Murphy 0-0: Called Strike
0-1: Ball
1-1: Foul Ball, location: 2F
1-2: Ball
2-2: SINGLE (Groundball, 4M, EV 103.1 MPH) (infield hit)
Felton Kirt scores
Batting: LHB Roman Averette 0-0: Ball
1-0: Called Strike
1-1: Ball
2-1: Ball
Nicholas Murphy is caught stealing 2nd base 2-6
Bottom of the 6th over - 1 run, 2 hits, 0 errors, 0 left on base; Rockford 0 - Charleston 3
TOP OF THE 7TH
Rockford Playboys batting - Pitching for Charleston Rebels : RHP Jewell Oghnikian
Batting: LHB Josh Valentine 0-0: Called Strike
0-1: Ball
1-1: Foul Ball, location: 2F
1-2: Ball
2-2: Strikes out swinging
Pinch Hitting: LHB Dalton Hargroder 0-0: Called Strike
0-1: Ball
1-1: Ball
2-1: Ball
3-1: Base on Balls
Batting: RHB Phil Phillips 0-0: Called Strike
0-1: Ball
1-1: Swinging Strike
1-2: Strikes out looking
Batting: RHB Jesse Dissen 0-0: Ball
Dalton Hargroder steals 2nd base
1-0: SINGLE (Line Drive, 3D, EV 97.5 MPH)
Dalton Hargroder to third
Runner from 3rd tries for Home, SAFE, throw by RF to home
Jesse Dissen to second
Batting: RHB Joey Pool 0-0: Ball
1-0: Foul Ball, location: 2F
1-1: Ball
2-1: Ball
3-1: Base on Balls
Batting: RHB Parker Hayek 0-0: Called Strike
0-1: Ball
1-1: Ball
2-1: Ball
3-1: Foul Ball, location: 2F
3-2: Base on Balls
Jesse Dissen to third
Joey Pool to second
Pitching: RHP Jahvari Bagwell
Batting: LHB Rafael Rutkowski 0-0: Called Strike
0-1: Ball
1-1: Ball
2-1: Ball
3-1: Ground out 4-3 (Groundball, 4, EV 80.6 MPH)
Top of the 7th over - 1 run, 1 hit, 0 errors, 3 left on base; Rockford 1 - Charleston 3
BOTTOM OF THE 7TH
Charleston Rebels batting - Pitching for Rockford Playboys : RHP Louis Bowermaster
Pitching: LHP Cooper Ritchey
Now at 2B: Kennedy Mejia
Now at SS: Phil Phillips
Batting: LHB Roman Averette 0-0: Called Strike
0-1: Swinging Strike
0-2: Fly out, F8 (Flyball, 78S, EV 82.5 MPH)
Batting: RHB Seth Meinhart 0-0: Called Strike
0-1: Foul Ball, location: 2F
0-2: Strikes out swinging
Batting: RHB Killian Gachukia 0-0: Ball
1-0: Ball
2-0: Fly out, F7 (Flyball, 7D, EV 98.8 MPH)
Bottom of the 7th over - 0 runs, 0 hits, 0 errors, 0 left on base; Rockford 1 - Charleston 3
TOP OF THE 8TH
Rockford Playboys batting - Pitching for Charleston Rebels : RHP Jahvari Bagwell
Now in LF: Devin Clark
Now in RF: Benardrick Bajraktari
Batting: RHB Edward Cain 0-0: Called Strike
0-1: Swinging Strike
0-2: Strikes out swinging
Batting: RHB Ezekiel Wolfson 0-0: Called Strike
0-1: Called Strike
0-2: Ball
1-2: Ball
2-2: Fly out, F4 (Popup, 3S, EV 79.4 MPH)
Batting: LHB Josh Valentine 0-0: Called Strike
0-1: Ground out 3-1 (Groundball, 34, EV 104.4 MPH)
Top of the 8th over - 0 runs, 0 hits, 0 errors, 0 left on base; Rockford 1 - Charleston 3
BOTTOM OF THE 8TH
Charleston Rebels batting - Pitching for Rockford Playboys : LHP Cooper Ritchey
Batting: RHB Nathaniel Wade 0-0: Swinging Strike
0-1: Swinging Strike
0-2: Ball
1-2: Strikes out swinging
Batting: LHB Devin Clark 0-0: Ball
1-0: Called Strike
1-1: Swinging Strike
1-2: Strikes out swinging
Batting: LHB Felton Kirt 0-0: Foul Ball, location: 2F
0-1: Foul Ball, location: 2F
0-2: Ground out 4-3 (Groundball, 4, EV 82.5 MPH)
Bottom of the 8th over - 0 runs, 0 hits, 0 errors, 0 left on base; Rockford 1 - Charleston 3
TOP OF THE 9TH
Rockford Playboys batting - Pitching for Charleston Rebels : RHP Jahvari Bagwell
Pitching: RHP Ammon Ortiz
Batting: RHB Kennedy Mejia 0-0: Foul Ball, location: 2F
0-1: Swinging Strike
0-2: Strikes out swinging
Pinch Hitting: LHB Riley Cannell 0-0: Called Strike
0-1: Ball
1-1: Ball
2-1: Ground out 4-3 (Groundball, 4, EV 80.6 MPH)
Batting: RHB Jesse Dissen 0-0: Ball
1-0: Ball
2-0: Swinging Strike
2-1: Foul Ball, location: 2F
2-2: Strikes out looking
Top of the 9th over - 0 runs, 0 hits, 0 errors, 0 left on base; Rockford 1 - Charleston 3
Monday, April 29th , 2024 - OOTP Baseball 23.10 Build 110